 Dungeon Crawl Stone Soup version 0.27-a0-660-g90476cec82 (webtiles) character file.

Game seed: 3214186696100232070

14 tilp the Sneak (level 2, -1/18 HPs)
             Began as an Octopode Transmuter on Mar 16, 2021.
             Slain by a kobold
             ... wielding a +0 short sword
              (5 damage)
             ... on level 1 of the Dungeon.
             The game lasted 00:01:39 (784 turns).

tilp the Sneak (Octopode Transmuter)                 Turns: 784, Time: 00:01:40

Health: -1/18      AC:  1    Str:  9    XL:     2   Next: 45%
Magic:  2/5        EV: 13    Int: 15    God:
Gold:   19         SH:  0    Dex: 12    Spells: 2/5 levels left

rFire    . . .     SeeInvis .     - Unarmed
rCold    . . .     Faith    .   (no shield)
rNeg     . . .     Spirit   .   (helmet currently unavailable)
rPois    .         Reflect  .   (no amulet)
rElec    .         Harm     .   (no ring)
rCorr    .         Rampage  .   (no ring)
Will     .....                  (no ring)
Stlth    +++.......             (no ring)
HPRegen  0.06/turn              (no ring)
MPRegen  0.09/turn              (no ring)
                                (no ring)
                                (no ring)

@: appendages
A: tentacle spike 3, almost no armour, amphibious, 8 rings, camouflage 1,
gelatinous body 1, nimble swimmer 1, tentacles
a: End Transformation


You were on level 1 of the Dungeon.
One of your tentacles had grown a beastly spike.
You visited 1 branch of the dungeon, and saw 1 of its levels.

You collected 19 gold pieces.

Inventory:

Scrolls
 a - a scroll of fear {unknown}
 b - a scroll of identify {unknown}


   Skills:
 - Level 1.0 Fighting
 - Level 2.0 Dodging
 + Level 3.1 Stealth
 - Level 3.0 Unarmed Combat
 - Level 2.0 Spellcasting
 - Level 2.0 Transmutations


You had 2 spell levels left.
You knew the following spells:

 Your Spells              Type           Power      Damage    Failure   Level
a - Beastly Appendage     Tmut           14%        N/A       10%         1
b - Wereblood             Tmut           7%         N/A       14%         2

Your spell library contained the following spells:

 Spells                   Type           Power      Damage    Failure   Level
 Spider Form              Tmut/Pois      2%         N/A       41%         3
 Ice Form                 Ice/Tmut       4%         N/A       82%         4
 Blade Hands              Tmut           3%         N/A       95%         5


Dungeon Overview and Level Annotations

Branches:
Dungeon (1/15)

Altars:


Innate Abilities, Weirdness & Mutations

One of your tentacles has grown a beastly spike.
You cannot wear most types of armour.
You are amphibious.
You can wear up to eight rings at the same time.
Your skin changes colour to match your surroundings (Stealth+).
Your rubbery body absorbs attacks. (AC +1, EV +1)
You are stealthy while swimming. (Stealth+)
You have tentacles for arms and can constrict up to eight enemies at once.


Message History

The kobold shouts!
You tentacle-slap the goblin. Your grab misses the goblin.
The goblin is severely wounded.
The goblin hits you with a +0 club!
Casting: Beastly Appendage (safe; 10% risk of failure)
Confirm with . or Enter, or press ? or * to list all spells.
One of your tentacles grows a vicious spike.
The giant cockroach bites you.
Casting: Beastly Appendage (safe; 10% risk of failure)
Confirm with . or Enter, or press ? or * to list all spells.
You miscast Wereblood.
You are very lightly contaminated with residual magic.
Nothing appears to happen.
The giant cockroach bites you. The giant cockroach closely misses you.
You closely miss the giant cockroach. Your grab misses the giant cockroach.
You pierce the giant cockroach.
Your squeeze misses the giant cockroach.
The giant cockroach is heavily wounded.
The giant cockroach barely misses you.
You tentacle-slap the giant cockroach.
You kill the giant cockroach!
Your Stealth skill increases to level 3!
You barely miss the giant cockroach. You grab the giant cockroach.
You constrict the giant cockroach. The giant cockroach barely misses you.
You tentacle-slap the giant cockroach.
You kill the giant cockroach!
You completely miss the kobold. Your grab misses the kobold.
The kobold completely misses you.
You closely miss the kobold. Your grab misses the kobold.
The kobold hits you with a +0 short sword.
* * * LOW HITPOINT WARNING * * *
You tentacle-slap the kobold but do no damage.
Your grab misses the kobold. The kobold closely misses you.
You closely miss the kobold. Your grab misses the kobold.
Your tentacle spike misses the kobold.
The kobold barely misses you.
Your magical contamination has completely faded away.
You tentacle-slap the kobold but do no damage.
You grab the kobold. You constrict the kobold.
The kobold hits you with a +0 short sword.
You die...

... ... ....... #.#
....... ... ....... #.#
....... #.# ....... #.#
#.# #..K. #@# #.#
#....###K######.# #####
#...KB..g.......# #....
###.............# #.###
#.............# #.#
#.............#####[###
#............)......#..
#.......)....########.#
#............'.........


You could see a goblin and a kobold.

Vanquished Creatures
  A dart slug (D:1)
  A bat (D:1)
  2 giant cockroaches (D:1)
  3 hobgoblins (D:1)
  A jackal (D:1)
  3 rats (D:1)
11 creatures vanquished.

Notes
Turn   | Place    | Note
-------+----------+-------------------------------------------
     0 | D:1      | tilp the Octopode Transmuter began the quest for the Orb.
     0 | D:1      | Reached XP level 1. HP: 13/13 MP: 3/3
    90 | D:1      | Reached skill level 1 in Stealth
   666 | D:1      | Reached XP level 2. HP: 18/18 MP: 5/5
   677 | D:1      | Learned a level 2 spell: Wereblood
   784 | D:1      | Slain by a kobold

Illustrated notes

Levels and vault maps discovered:
D:1:      matt_arrival_refuge, layout_basic

Skill      XL: |  1  2 |
---------------+-------+-----
Stealth        | 2 3 |  3.1
Fighting       | |  1.0
Dodging        | |  2.0
Unarmed Combat | |  3.0
Spellcasting   | |  2.0
Transmutations | |  2.0

Action                   || total
-------------------------++-------
Melee: Unarmed           ||    28
       Constrict         ||     8
       Kick              ||     4
       Tentacles         ||     3
       Punch             ||     1
 Cast: Beastly Appendage ||     3
 Stab: Sleeping          ||     4
Dodge: Dodged            ||    15

Table legend: (Time is in decaauts)
 A = Elapsed time spent in this place.
 B = Non-inter-level travel time spent in this place.
 C = Inter-level travel time spent in this place.
 D = Time resting spent in this place.
 E = Time spent auto-exploring this place.
 F = Levels seen in this place.
 G = Mean time per level.
                   A        B        C        D        E       F      G
               +--------+--------+--------+--------+--------+-----+--------+
         Total |    782 |    768 |     14 |    246 |    165 |   1 |  782.0 |
       Dungeon |    782 |    768 |     14 |    246 |    165 |   1 |  782.0 |
               +--------+--------+--------+--------+--------+-----+--------+

Top non-repeatable levels by time:
     D:1: 782 daAuts
